Map: Acolyte LE

Players

SamuraiFunn - Winner!

  • Race: Protoss Protoss
  • Spawn Location: 1:00

A.I. 1 (Very Hard)

  • Race: Protoss Protoss
  • Spawn Location: 7:00

VOD

Have the link to the VOD?

Description

Time

  • Played on: Oct. 29, 2017, 8:29 p.m.
  • Length: 11:32
Show
View Real Time Build Order
Export as new Build Order

SamuraiFunn Protoss - Winner!

Build Orders: 1 Gate Expand 

Get SALT Encoding   

  12  0:01  Probe (Chrono Boost)  
  13  0:11  Probe (Chrono Boost)  
  14  0:21  Pylon  
  14  0:23  Probe (Chrono Boost)  
  15  0:39  Probe (Chrono Boost)  
  15  0:41  Gateway  
  16  0:52  Probe (Chrono Boost)  
  17  1:03  Probe (Chrono Boost)  
  18  1:04  Assimilator  
  18  1:13  Probe (Chrono Boost)  
  19  1:25  Pylon  
  19  1:31  Nexus  
  19  1:35  Probe (Chrono Boost)  
  20  1:41  Zealot  
  22  1:59  Probe (Chrono Boost), Cybernetics Core  
  23  2:10  Zealot  
  23  2:13  Probe (Chrono Boost)  
  26  2:21  Gateway  
  26  2:36  Probe (Chrono Boost)  
  27  2:42  Forge  
  27  2:46  Gateway  
  27  2:47  Probe (Chrono Boost)  
  28  2:51  Assimilator  
  28  3:01  Probe x2 (Chrono Boost)  
  28  3:04  Zealot  
  32  3:10  Zealot  
  36  3:12  Probe (Chrono Boost)  
  36  3:13  Probe (Chrono Boost)  
  36  3:41  Zealot x2  
  36  3:42  Zealot  
  42  3:51  Pylon  
  42  3:53  Protoss Ground Weapons Level 1  
  42  3:59  Protoss Air Weapons Level 1  
  42  4:02  Twilight Council  
  42  4:10  Pylon  
  42  4:13  Zealot x3  
  48  4:20  Probe x2 (Chrono Boost)  
  50  4:30  Probe (Chrono Boost)  
  51  4:35  Stargate  
  51  4:41  Stargate  
  51  4:47  Probe (Chrono Boost)  
  51  4:48  Probe (Chrono Boost)  
  53  4:58  Probe x2 (Chrono Boost)  
  55  5:03  Assimilator  
  55  5:07  Assimilator  
  55  5:09  Probe x2 (Chrono Boost)  
  55  5:10  Zealot x2  
  61  5:18  Pylon  
  61  5:21  Pylon  
  61  5:33  Pylon  
  61  5:35  Void Ray  
  61  5:36  Zealot  
  61  5:42  Void Ray  
  71  5:53  Protoss Ground Armor Level 1  
  71  5:57  Nexus  
  71  6:11  Probe x2 (Chrono Boost)  
  75  6:25  Probe (Chrono Boost)  
  75  6:26  Probe (Chrono Boost)  
  75  6:32  Zealot x2  
  79  6:33  Zealot  
  79  6:36  Void Ray  
  85  6:49  Pylon  
  85  6:50  Pylon  
  85  6:52  Pylon  
  85  6:55  Probe (Chrono Boost)  
  85  7:00  Charge  
  86  7:06  Void Ray  
  86  7:07  Probe (Chrono Boost), Zealot  
  97  7:08  Zealot x2  
  97  7:27  Probe x3 (Chrono Boost)  
  100  7:40  Void Ray  
  100  7:43  Zealot x3  
  110  7:53  Void Ray  
  110  8:05  Stargate  
  110  8:07  Stargate  
  100  8:29  Void Ray  
  100  8:33  Zealot x3  
  110  8:36  Void Ray  
  110  8:39  Gateway  
  114  8:41  Gateway  
  114  8:43  Gateway  
  114  8:51  Assimilator  
  114  8:55  Assimilator  
  114  8:59  Pylon  
  114  9:03  Pylon  
  114  9:07  Pylon  
  108  9:39  Zealot x3  
  108  9:43  Void Ray x2  
  110  10:08  Void Ray x2  
  116  10:22  Zealot x3  
  122  10:49  Sentry  
Show
View Real Time Build Order
Export as new Build Order

A.I. 1 (Very Hard) Protoss 

Build Orders: Zealot Archon 

Get SALT Encoding   

  12  0:01  Probe (Chrono Boost)  
  13  0:11  Probe (Chrono Boost)  
  14  0:20  Pylon  
  14  0:22  Probe (Chrono Boost)  
  15  0:38  Probe (Chrono Boost)  
  16  0:47  Assimilator  
  16  0:49  Probe (Chrono Boost)  
  17  0:50  Gateway  
  17  0:59  Probe (Chrono Boost)  
  17  1:00  Pylon  
  18  1:10  Probe (Chrono Boost)  
  19  1:20  Probe (Chrono Boost)  
  20  1:31  Probe (Chrono Boost)  
  21  1:35  Zealot  
  23  1:40  Gateway  
  23  1:42  Probe (Chrono Boost)  
  23  1:44  Cybernetics Core  
  25  1:54  Probe (Chrono Boost), Pylon  
  25  2:00  Zealot  
  25  2:05  Probe (Chrono Boost)  
  28  2:16  Warp Gate  
  28  2:17  Probe (Chrono Boost)  
  29  2:26  Adept x2  
  33  2:34  Gateway  
  33  2:44  Gateway  
  33  2:51  Stalker  
  33  2:52  Stalker  
  37  3:02  Pylon  
  37  3:04  Probe (Chrono Boost)  
  38  3:08  Assimilator  
  38  3:16  Probe (Chrono Boost)  
  39  3:20  Adept  
  39  3:21  Adept  
  43  3:27  Stalker  
  43  3:33  Stalker  
  47  3:43  Pylon  
  47  3:58  Robotics Facility  
  47  4:07  Twilight Council  
  47  4:29  Pylon  
  47  4:45  Templar Archives  
  47  4:49  Zealot  
  49  4:57  Nexus  
  49  5:23  High Templar  
  51  5:37  Sentry  
  51  5:38  Stalker  
  51  5:42  Forge  
  55  5:47  Pylon  
  55  6:06  High Templar  
  55  6:10  Probe x2 (Chrono Boost)  
  59  6:12  Archon  
  59  6:16  Assimilator  
  59  6:20  Assimilator  
  59  6:21  Probe x2 (Chrono Boost)  
  61  6:32  Probe (Chrono Boost)  
  63  6:33  Probe (Chrono Boost)  
  63  6:35  High Templar  
  65  6:43  Probe (Chrono Boost)  
  65  6:44  Probe (Chrono Boost)  
  65  6:45  Forge  
  68  6:54  Probe (Chrono Boost), High Templar  
  68  6:55  Probe (Chrono Boost), Pylon  
  68  6:59  Stalker  
  68  7:00  Archon  
  73  7:05  Probe (Chrono Boost)  
  73  7:07  Probe (Chrono Boost)  
  75  7:13  High Templar  
  78  7:16  Probe (Chrono Boost)  
  78  7:18  Probe (Chrono Boost)  
  79  7:26  Photon Cannon  
  79  7:27  High Templar  
  79  7:28  Probe (Chrono Boost)  
  79  7:29  Probe (Chrono Boost)  
  83  7:31  Observer  
  83  7:33  Archon  
  83  7:36  Pylon  
  84  7:39  Probe (Chrono Boost)  
  84  7:41  Probe (Chrono Boost), Pylon  
  86  7:47  High Templar  
  86  7:51  Probe (Chrono Boost)  
  90  7:52  Probe (Chrono Boost)  
  90  7:59  Zealot  
  90  8:00  Zealot x2  
  90  8:01  Photon Cannon  
  90  8:03  Pylon  
  90  8:09  Nexus  
  72  8:17  Sentry  
  72  8:18  Adept, Zealot  
  72  8:19  Zealot  
  68  8:37  High Templar  
  68  8:38  Sentry, Stalker, Adept  
  68  8:40  Immortal  
  76  8:46  Archon  
  80  8:56  High Templar  
  80  8:59  Zealot  
  80  9:00  Zealot  
  86  9:06  Zealot  
  88  9:17  Immortal  
  88  9:18  Zealot  
  88  9:19  Zealot  
  88  9:22  Photon Cannon  
  96  9:24  Zealot  
  96  9:27  Pylon  
  96  9:28  Zealot  
  92  9:37  High Templar  
  92  9:38  Zealot  
  86  9:40  Probe (Chrono Boost)  
  86  9:43  Adept  
  69  9:47  High Templar  
  55  9:56  Probe (Chrono Boost)  
  55  9:57  Zealot  
  56  10:03  High Templar  
  56  10:04  Probe (Chrono Boost)  
  55  10:07  Probe (Chrono Boost)  
  48  10:15  Probe (Chrono Boost)  
  48  10:18  Probe (Chrono Boost)  
  44  10:25  Probe (Chrono Boost)  
  36  10:35  Pylon  
  32  10:44  Nexus  
  32  10:51  Pylon  
  30  11:01  Pylon  
Tags
 
Composition
Zealot Archon
Matchup
PvP
Replay Pack
First 100 games
Spawn Locations
Cross Positions
Add a new tag
Caveats
  • Supply blocks, unpowered buildings, or Contaminate may cause inaccurate times.
  • Supply counts are checked every 10 seconds.